 Dungeon Crawl Stone Soup version 0.15.2 (webtiles) character file.

7189 magipi the Nimble (level 11, -4/61 HPs)
             Began as an Octopode Ice Elementalist on Jan 21, 2015.
             Was a Follower of Kikubaaqudgha.
             Slain by a spiny frog (11 damage)
             ... on Level 2 of the Lair of Beasts on Jan 22, 2015.
             The game lasted 01:24:57 (16738 turns).

magipi the Nimble (Octopode Ice Elementalist)      Turns: 16738, Time: 01:24:57

HP  -4/61        AC  1     Str  9      XL: 11   Next: 11%
MP  14/17        EV  2     Int 19      God: Kikubaaqudgha [*.....]
Gold 342         SH  0     Dex 13      Spells:  3 memorised,  6 levels left

rFire  . . .     SeeInvis .     a - +1 trident
rCold  . . .     Clarity  .     (no shield)
rNeg   + + +     rCorr    .     (helmet restricted)
rPois  +         rRot     +     r - amulet of the gourmand
rElec  .         Spirit   .     o - ring of wizardry
SustAb .         Warding  .     (no ring)
rMut   .         Stasis   .     (no ring)
Gourm  +                        (no ring)
MR     .....                    (no ring)
                                (no ring)
                                (no ring)
                                (no ring)

@: petrified, not resistant to hostile enchantments, fairly stealthy
A: almost no armour, amphibious, 8 rings, constrict 8, camouflage 1, gelatinous
body 1
a: Receive Corpses, Renounce Religion


You were on level 2 of the Lair of Beasts.
You worshipped Kikubaaqudgha.
Kikubaaqudgha was aware of your devotion.
You were not hungry.

You visited 3 branches of the dungeon, and saw 14 of its levels.
You also visited: Ossuary.

You collected 482 gold pieces.
You spent 140 gold pieces at shops.

Notes
Turn   | Place    | Note
--------------------------------------------------------------
     0 | D:1      | magipi, the Octopode Ice Elementalist, began the quest for the Orb.
     0 | D:1      | Reached XP level 1. HP: 11/11 MP: 3/3
   324 | D:1      | Reached XP level 2. HP: 17/17 MP: 0/4
   977 | D:2      | Reached skill level 4 in Ice Magic
  1123 | D:2      | Reached XP level 3. HP: 19/21 MP: 6/6
  1690 | D:2      | Learned a level 3 spell: Ozocubu's Armour
  2007 | D:3      | Found an iron altar of Okawaru.
  2007 | D:3      | Noticed a phantom
  2191 | D:4      | Reached skill level 1 in Charms
  2223 | D:4      | Reached XP level 4. HP: 27/27 MP: 7/7
  2237 | D:4      | Noticed a scorpion
  2240 | D:4      | Killed a scorpion
  2245 | D:4      | Reached XP level 5. HP: 20/31 MP: 3/9
  2272 | D:4      | Learned a level 4 spell: Summon Ice Beast
  2324 | D:4      | Reached skill level 5 in Ice Magic
  2334 | D:4      | Found Twoimuwa's Magic Scroll Emporium.
  2344 | D:4      | Bought a scroll of identify for 28 gold pieces
  2344 | D:4      | Bought a scroll of magic mapping for 49 gold pieces
  2344 | D:4      | Bought a scroll of fog for 28 gold pieces
  2561 | D:4      | Reached skill level 1 in Summonings
  3043 | D:4      | Found Juroext's Weapon Shop.
  3600 | D:4      | Reached XP level 6. HP: 31/36 MP: 2/10
  3661 | D:4      | Noticed a phantom
  3778 | D:5      | Entered Level 5 of the Dungeon
  3995 | D:5      | Found a radiant altar of Vehumet.
  4042 | D:5      | Reached skill level 6 in Ice Magic
  4042 | D:5      | Reached XP level 7. HP: 18/41 MP: 12/12
  4688 | D:3      | Noticed Ijyb
  4755 | D:3      | Killed Ijyb
  4873 | D:4      | Bought a +0 blowgun for 35 gold pieces
  5801 | D:6      | Reached skill level 7 in Ice Magic
  5991 | D:6      | Noticed Grinder
  6013 | D:6      | Killed Grinder
  6013 | D:6      | Reached skill level 8 in Ice Magic
  6013 | D:6      | Reached XP level 8. HP: 20/46 MP: 5/13
  7066 | D:7      | Found a sand-covered staircase.
  7077 | D:7      | Reached skill level 5 in Dodging
  7081 | Ossuary  | Entered an ossuary
  7389 | Ossuary  | Reached skill level 1 in Polearms
  8205 | D:6      | Reached XP level 9. HP: 26/51 MP: 4/14
  8315 | D:6      | Found a staircase to the Ecumenical Temple.
  8329 | Temple   | Entered the Ecumenical Temple
  8363 | Temple   | Became a worshipper of Kikubaaqudgha
  8886 | D:7      | Found Kaohil's Armour Boutique.
  9274 | D:7      | Noticed Blork the orc
  9281 | D:7      | Killed Blork the orc
  9958 | D:8      | Acquired Kikubaaqudgha's first power
  9958 | D:8      | Received a gift from Kikubaaqudgha
  9961 | D:8      | Identified Kikubaaqudgha's Catalogue of Black Rituals (Kikubaaqudgha gifted it to you on level 8 of the Dungeon)
 10244 | D:8      | Reached skill level 5 in Polearms
 10416 | D:8      | Found a staircase to the Lair.
 11360 | D:9      | Reached XP level 10. HP: 42/56 MP: 13/16
 11394 | D:9      | Found Mnall's Antique Armour Shop.
 11497 | D:9      | Noticed Prince Ribbit
 11538 | D:9      | Killed Prince Ribbit
 11680 | D:10     | Entered Level 10 of the Dungeon
 11729 | D:10     | Noticed a centaur warrior
 12755 | D:10     | Reached skill level 9 in Dodging
 13660 | D:11     | Noticed Maurice
 14297 | Lair:1   | Entered Level 1 of the Lair of Beasts
 14592 | Lair:1   | Noticed a black mamba
 14602 | Lair:1   | Killed a black mamba
 15668 | Lair:1   | Reached skill level 10 in Dodging
 16481 | Lair:2   | Reached XP level 11. HP: 61/61 MP: 6/17
 16738 | Lair:2   | Slain by a spiny frog

Inventory:

Hand weapons
 a - a +1 trident (weapon)
 b - a +0 blowgun
 I - a +0 dagger of venom
Missiles
 h - 78 poisoned needles
Magical devices
 g - a wand of digging (18)
 v - a wand of fireball (8)
 E - a wand of slowing (12)
 P - a wand of frost (8)
 R - a wand of fire (6)
Comestibles
 c - 4 bread rations
 d - 5 meat rations
 i - 8 fruits
 G - 3 rotting chunks of komodo dragon flesh
Scrolls
 e - 3 scrolls of remove curse
 j - 3 scrolls of enchant armour
 l - 3 scrolls of amnesia
 s - 5 scrolls of teleportation
 x - 4 scrolls of fog
 y - 4 scrolls of recharging
 N - 3 scrolls of vulnerability
Jewellery
 o - a ring of wizardry (left tentacle)
 r - an amulet of the gourmand (around mantle)
 K - an uncursed ring of ice
Potions
 f - 2 potions of agility
 k - 4 potions of restore abilities
 m - 2 potions of might
 n - a potion of mutation {unknown}
 p - 4 potions of brilliance
 q - 2 potions of degeneration {unknown}
 t - 9 potions of curing
 u - 2 potions of haste {unknown}
 z - a potion of flight {unknown}
 A - 4 potions of heal wounds {unknown}
 D - 2 potions of lignification {unknown}
 F - a potion of magic {unknown}
 H - a potion of berserk rage {unknown}
 J - 2 potions of resistance {unknown}
 M - 3 potions of cure mutation
Books
 w - a book of Frost

   Spells                             Type                      Level
   *Freeze                            Ice                          1
   Throw Frost                        Conjuration/Ice              2
   *Ozocubu's Armour                  Charms/Ice                   3
   Throw Icicle                       Conjuration/Ice              4
   *Summon Ice Beast                  Ice/Summoning                4
   Condensation Shield                Ice                          4
 B - a book of Annihilations {highlevel, unknown}

   This book is beyond your current level of understanding.

   Spells                             Type                      Level
   Poison Arrow                       Conjuration/Poison           6
   Chain Lightning                    Conjuration/Air              8
   Lehudib's Crystal Spear            Conjuration/Earth            8
   Glaciate                           Conjuration/Ice              9
   Fire Storm                         Conjuration/Fire             9
 C - a book of Annihilations {highlevel, unknown}

   This book is beyond your current level of understanding.

   Spells                             Type                      Level
   Poison Arrow                       Conjuration/Poison           6
   Chain Lightning                    Conjuration/Air              8
   Lehudib's Crystal Spear            Conjuration/Earth            8
   Glaciate                           Conjuration/Ice              9
   Fire Storm                         Conjuration/Fire             9
 L - Kikubaaqudgha's Catalogue of Black Rituals
   (Kikubaaqudgha gifted it to you on level 8 of the Dungeon)

   Spells                             Type                      Level
   Pain                               Necromancy                   1
   Corpse Rot                         Necromancy                   2
   Sublimation of Blood               Necromancy                   2
   Vampiric Draining                  Necromancy                   3
   Control Undead                     Necromancy                   4


   Skills:
 + Level 9.4 Polearms
 + Level 10.8 Dodging
 - Level 2.6 Stealth
 - Level 2.0 Spellcasting
   Level 1.0 Conjurations
 - Level 2.0 Charms
 - Level 4.3 Summonings
 - Level 8.0 Ice Magic


You had 6 spell levels left.
You knew the following spells:

 Your Spells              Type           Power        Failure   Level  Hunger
a - Freeze                Ice            ####         1%          1    #......
b - Summon Ice Beast      Ice/Summ       ####....     6%          4    #####..
o - Ozocubu's Armour      Chrm/Ice       ###.....     3%          3    ####...


Dungeon Overview and Level Annotations

Branches:
Dungeon (11/15)            Temple (1/1) D:6            Lair (2/8) D:8
    Orc: D:9-12

Altars:
Ashenzari
Cheibriados
Dithmenos
Elyvilon
Fedhas
Kikubaaqudgha
Makhleb
Nemelex Xobeh
Okawaru
Qazlal
Sif Muna
Trog
Vehumet
Xom
Yredelemnul
Zin
The Shining One

Shops:
D:4 (?   D:7 [   D:9 [

Annotations:
D:11 Maurice


Innate Abilities, Weirdness & Mutations

You cannot wear most types of armour.
You are amphibious.
You can wear up to eight rings at the same time.
You can use your tentacles to constrict many enemies at once.
Your skin changes colour to match your surroundings (Stealth).
Your rubbery body absorbs attacks (AC +1).

Vault maps used:
D:1:      kilobyte_arrival_exit_the_forest, hex_medium, st_stairs_1
D:3:      kennysheep_goblin_castle, first_bread, okawaru_gym_becter
D:4:      serial_shops, nicolae_shop_behind_doors, shop, gup_sewer_entry_bubbles
D:5:      lemuel_doored_altar, serial_bayou_crossing, uniq_natasha
D:6:      temple_hall, uniq_grinder
D:7:      nicolae_ossuary_entry_catacombs, serial_shops, shop,
          uniq_blork_the_orc
D:8:      grunt_lair_entry_elf_guard_hut
D:9:      serial_shops, nicolae_shop_overgrown_old_shop, uniq_prince_ribbit1
D:11:     david_orc_4, uniq_maurice
Temple:   lightli_temple_of_artemis
Lair:1:   infiniplex_staircase_pool
Lair:2:   lemuel_fruit_fields, grunt_megastairs_2
Ossuary:  ossuary_tomb_1


Message History

You are struck by the porcupine's spines.
You barely miss the porcupine. The porcupine bites you.
The porcupine misses you.
You are too injured to fight recklessly!
You are too injured to fight recklessly!
Unknown command.
Casting: Summon Ice Beast
Confirm with . or Enter, or press ? or * to list all spells.
A film of ice covers your body!
You feel sick.
You are no longer poisoned.
The porcupine bites you but does no damage.
Unknown command.
Unknown command.
You hit the porcupine. Your squeeze misses the porcupine.
The porcupine is moderately wounded.
The porcupine misses you.
You hit the porcupine but do no damage.
The porcupine is moderately wounded.
The porcupine misses you.
You hit the porcupine.
The porcupine is heavily wounded.
The porcupine barely misses you.
You hit the porcupine.
You squeeze the porcupine, but do no damage.
The porcupine is almost dead.
The porcupine bites you but does no damage.
The adder closely misses you.
You closely miss the porcupine.
The porcupine is almost dead.
The adder closely misses you. The porcupine closely misses you.
You are struck by the porcupine's spines.
You closely miss the porcupine.
The porcupine is almost dead.
The adder misses you. The porcupine completely misses you.
You are struck by the porcupine's spines.
You puncture the porcupine!
You kill the porcupine!
Kikubaaqudgha accepts your kill. The adder barely misses you.
You closely miss the adder. Your grab misses the adder.
The adder bites you but does no damage.
You closely miss the adder. Your grab misses the adder. You squeeze the adder.
The adder is moderately wounded.
The adder bites you but does no damage. The adder misses you.
You barely miss the adder. Your grab misses the adder.
Your squeeze misses the adder.
The adder is moderately wounded.
The adder bites you.
You closely miss the adder. You grab the adder.
The adder is moderately wounded.
You constrict the adder. The adder closely misses you.
You puncture the adder!
You kill the adder!
Kikubaaqudgha accepts your kill.
You see here an adder corpse.
You start butchering the adder corpse.
You continue butchering the corpse.
You continue butchering the corpse. x2
You finish butchering the adder corpse.
O - a chunk of adder flesh You see here an adder skeleton.
Eat a chunk of adder flesh? (ye/n/q/i?) This raw flesh tastes great.
You continue eating. x2
Magic restored.
You start resting.
Your icy armour starts to melt.
You start resting.
Your icy armour evaporates.
You start resting.
A basilisk comes into view.
A spiny frog comes into view.
A quokka comes into view.
The spiny frog gives a loud, deep croak!
Casting: Ozocubu's Armour
Confirm with . or Enter, or press ? or * to list all spells.
A chill wind blows around you. The basilisk gazes at you.
You are slowing down.
Your ice beast hits the quokka.
Your ice beast freezes the quokka!
The quokka dies!
Your limbs are stiffening.
You swap places.
The basilisk gazes at you.
Your limbs have turned to stone.
You have turned to stone.
The spiny frog stings you! The spiny frog stings you.
Your ice beast hits the basilisk.
Your ice beast freezes the basilisk!
The basilisk closely misses your ice beast.
The spiny frog stings you!
* * * LOW HITPOINT WARNING * * *
Your ice beast barely misses the basilisk.
The basilisk bites your ice beast. The spiny frog stings you!!
* * * LOW HITPOINT WARNING * * *
The spiny frog stings you.
* * * LOW HITPOINT WARNING * * *
The basilisk bites your ice beast.
Your ice beast hits the basilisk.
Your ice beast freezes the basilisk!
The basilisk seems to slow down.
The spiny frog stings you!!
You die...
Kikubaaqudgha rasps: "You have failed me!
Welcome... oblivion!"

...###..###.....###....
.................#..#.##
...F.......%....)#..##...
....#.#.##.........#...⌠
##.###.....+....%.. ##..#
#....##..#...⌠
....##...##.....##..#....
........F.Yl.....##..#.##
....P.##@###....####....#
....##...##....# ###...
.... ##.###..........#..
.. #.. ####.###....#. #..
## #..#### #.## ##. #.
P.. .. ## #.. . . #.. ..


You could see a spiny frog, a basilisk and a friendly ice beast.

Table legend:
 A = Kills in this place as a percentage of kills in entire the game.
 B = Kills by you in this place as a percentage of kills by you in the entire game.
 C = Kills by friends in this place as a percentage of kills by friends in the entire game.
 D = Other kills in this place as a percentage of other kills in the entire game.
 E = Experience gained in this place as a percentage of experience gained in the entire game.
 F = Experience gained in this place divided by the number of levels of this place that you have seen.
                   A       B       C       D       E      F
               +-------+-------+-------+-------+-------+----------------------
         Total | 100.0 | 100.0 | 100.0 |  -nan | 100.0 | 684.7
       Dungeon |  76.2 |  79.1 |  64.6 |  -nan |  60.8 | 567.8
          Lair |  11.6 |  10.2 |  16.9 |  -nan |  35.9 | 1843.5
       Ossuary |  12.2 |  10.6 |  18.5 |  -nan |   3.3 | 337.0
               +-------+-------+-------+-------+-------+----------------------

Vanquished Creatures
  A black mamba (Lair:1)
  2 spiny frogs
  Grinder (D:6)
  2 blink frogs (Lair:1)
  A hydra skeleton (D:9)
  2 hill giant zombies
  A yak (D:8)
  A deep elf fighter (D:8)
  3 porcupines
  3 water moccasins (Lair:1)
  A tengu skeleton (D:11)
  2 phantoms (D:6)
  An ice beast (D:9)
  3 sky beasts
  2 black bears
  4 ogres
  2 crocodiles
  A centaur (D:10)
  3 giant frogs
  3 elf zombies
  3 scorpions
  2 wights (D:6)
  4 crimson imps
  3 human zombies
  A jelly (D:10)
  2 goliath beetles
  An orc priest (D:8)
  2 hounds
  5 iguanas
  8 orc wizards
  A human skeleton (D:7)
  2 worker ants
  A gnoll (D:9)
  6 green rats
  2 shadow imps
  10 adders
  A giant mite (D:4)
  2 worms
  An adder zombie (Ossuary)
  3 orc skeletons
  7 giant geckos
  3 oozes
  14 orcs
  A ball python (D:3)
  16 bats
  7 giant cockroaches
  15 goblins
  11 hobgoblins
  11 quokkas
  2 giant gecko skeletons (D:7)
  5 giant newts
  A goblin skeleton (D:5)
  8 hobgoblin zombies (Ossuary)
  6 jackals
  A jackal skeleton (D:8)
  A jackal zombie (Ossuary)
  8 kobolds
  6 kobold zombies (Ossuary)
  6 orc zombies
  A quokka skeleton (D:5)
  23 rats
  2 rat zombies (Ossuary)
254 creatures vanquished.

Vanquished Creatures (collateral kills)
  A spiny frog (Lair:2)
  A komodo dragon (Lair:2)
  A blink frog (Lair:1)
  Prince Ribbit (D:9)
  A catoblepas skeleton (D:11)
  2 basilisks
  A hungry ghost (D:7)
  2 hippogriffs
  An orc warrior (D:10)
  3 water moccasins
  An ice beast (D:6)
  3 ogres
  A necrophage (D:8)
  A centaur (D:11)
  Blork the orc (D:7)
  A water moccasin zombie (D:6)
  2 jellies
  A gnoll shaman (D:5)
  2 orc wizards
  3 big kobold zombies (Ossuary)
  Ijyb (D:3)
  2 mummies (Ossuary)
  3 green rats
  9 gnolls
  An adder (Lair:1)
  An adder zombie (Ossuary)
  8 orcs
  A jackal (D:9)
  A kobold (D:8)
  A quokka (Lair:2)
  A hobgoblin skeleton (D:6)
  3 hobgoblin zombies (Ossuary)
  A kobold zombie (Ossuary)
  2 orc zombies (Ossuary)
  A fungus (D:8)
66 creatures vanquished.

Vanquished Creatures (others)
  27 ice beasts
  A plant (D:9)
28 creatures vanquished.

Grand Total: 348 creatures vanquished Notes Turn | Place | Note -------------------------------------------------------------- 0 | D:1 | magipi, the Octopode Ice Elementalist, began the quest for the Orb. 0 | D:1 | Reached XP level 1. HP: 11/11 MP: 3/3 324 | D:1 | Reached XP level 2. HP: 17/17 MP: 0/4 977 | D:2 | Reached skill level 4 in Ice Magic 1123 | D:2 | Reached XP level 3. HP: 19/21 MP: 6/6 1690 | D:2 | Learned a level 3 spell: Ozocubu's Armour 2007 | D:3 | Found an iron altar of Okawaru. 2007 | D:3 | Noticed a phantom 2191 | D:4 | Reached skill level 1 in Charms 2223 | D:4 | Reached XP level 4. HP: 27/27 MP: 7/7 2237 | D:4 | Noticed a scorpion 2240 | D:4 | Killed a scorpion 2245 | D:4 | Reached XP level 5. HP: 20/31 MP: 3/9 2272 | D:4 | Learned a level 4 spell: Summon Ice Beast 2324 | D:4 | Reached skill level 5 in Ice Magic 2334 | D:4 | Found Twoimuwa's Magic Scroll Emporium. 2344 | D:4 | Bought a scroll of identify for 28 gold pieces 2344 | D:4 | Bought a scroll of magic mapping for 49 gold pieces 2344 | D:4 | Bought a scroll of fog for 28 gold pieces 2561 | D:4 | Reached skill level 1 in Summonings 3043 | D:4 | Found Juroext's Weapon Shop. 3600 | D:4 | Reached XP level 6. HP: 31/36 MP: 2/10 3661 | D:4 | Noticed a phantom 3778 | D:5 | Entered Level 5 of the Dungeon 3995 | D:5 | Found a radiant altar of Vehumet. 4042 | D:5 | Reached skill level 6 in Ice Magic 4042 | D:5 | Reached XP level 7. HP: 18/41 MP: 12/12 4688 | D:3 | Noticed Ijyb 4755 | D:3 | Killed Ijyb 4873 | D:4 | Bought a +0 blowgun for 35 gold pieces 5801 | D:6 | Reached skill level 7 in Ice Magic 5991 | D:6 | Noticed Grinder 6013 | D:6 | Killed Grinder 6013 | D:6 | Reached skill level 8 in Ice Magic 6013 | D:6 | Reached XP level 8. HP: 20/46 MP: 5/13 7066 | D:7 | Found a sand-covered staircase. 7077 | D:7 | Reached skill level 5 in Dodging 7081 | Ossuary | Entered an ossuary 7389 | Ossuary | Reached skill level 1 in Polearms 8205 | D:6 | Reached XP level 9. HP: 26/51 MP: 4/14 8315 | D:6 | Found a staircase to the Ecumenical Temple. 8329 | Temple | Entered the Ecumenical Temple 8363 | Temple | Became a worshipper of Kikubaaqudgha 8886 | D:7 | Found Kaohil's Armour Boutique. 9274 | D:7 | Noticed Blork the orc 9281 | D:7 | Killed Blork the orc 9958 | D:8 | Acquired Kikubaaqudgha's first power 9958 | D:8 | Received a gift from Kikubaaqudgha 9961 | D:8 | Identified Kikubaaqudgha's Catalogue of Black Rituals (Kikubaaqudgha gifted it to you on level 8 of the Dungeon) 10244 | D:8 | Reached skill level 5 in Polearms 10416 | D:8 | Found a staircase to the Lair. 11360 | D:9 | Reached XP level 10. HP: 42/56 MP: 13/16 11394 | D:9 | Found Mnall's Antique Armour Shop. 11497 | D:9 | Noticed Prince Ribbit 11538 | D:9 | Killed Prince Ribbit 11680 | D:10 | Entered Level 10 of the Dungeon 11729 | D:10 | Noticed a centaur warrior 12755 | D:10 | Reached skill level 9 in Dodging 13660 | D:11 | Noticed Maurice 14297 | Lair:1 | Entered Level 1 of the Lair of Beasts 14592 | Lair:1 | Noticed a black mamba 14602 | Lair:1 | Killed a black mamba 15668 | Lair:1 | Reached skill level 10 in Dodging 16481 | Lair:2 | Reached XP level 11. HP: 61/61 MP: 6/17 16738 | Lair:2 | Slain by a spiny frog

Action                   |  1- 3 |  4- 6 |  7- 9 | 10-12 || total
-------------------------+-------+-------+-------+-------++-------
Melee: Dagger            |    48 |    37 |    56 |       ||   141
       Short sword       |     6 |       |    77 |       ||    83
       Spear             |       |    11 |       |       ||    11
       Trident           |       |       |   360 |   250 ||   610
 Fire: Blowgun           |       |       |    17 |     2 ||    19
 Cast: Freeze            |    26 |    31 |    14 |       ||    71
       Ozocubu's Armour  |     1 |     6 |    38 |    28 ||    73
       Summon Ice Beast  |       |     2 |    43 |    47 ||    92
Evoke: Wand              |       |       |     3 |     2 ||     5
  Use: Scroll            |     3 |     3 |     6 |    14 ||    26
       Potion            |       |     1 |       |       ||     1
 Stab: Sleeping          |     9 |     2 |    20 |     7 ||    38
       Distracted        |     1 |     1 |     4 |     2 ||     8
  Eat: Chunk             |     5 |     4 |    13 |    20 ||    42
       Beef jerky        |       |     1 |     3 |       ||     4
       Pizza             |       |     1 |       |     1 ||     2
       Bread ration      |       |       |     2 |       ||     2
       Meat ration       |       |       |     2 |     2 ||     4
       Fruit             |       |       |     1 |     1 ||     2

Action                   |  1- 3 |  4- 6 |  7- 9 | 10-12 || total
-------------------------+-------+-------+-------+-------++-------
Melee: Dagger            |    48 |    37 |    56 |       ||   141
       Short sword       |     6 |       |    77 |       ||    83
       Spear             |       |    11 |       |       ||    11
       Trident           |       |       |   360 |   250 ||   610
 Fire: Blowgun           |       |       |    17 |     2 ||    19
 Cast: Freeze            |    26 |    31 |    14 |       ||    71
       Ozocubu's Armour  |     1 |     6 |    38 |    28 ||    73
       Summon Ice Beast  |       |     2 |    43 |    47 ||    92
Evoke: Wand              |       |       |     3 |     2 ||     5
  Use: Scroll            |     3 |     3 |     6 |    14 ||    26
       Potion            |       |     1 |       |       ||     1
 Stab: Sleeping          |     9 |     2 |    20 |     7 ||    38
       Distracted        |     1 |     1 |     4 |     2 ||     8
  Eat: Chunk             |     5 |     4 |    13 |    20 ||    42
       Beef jerky        |       |     1 |     3 |       ||     4
       Pizza             |       |     1 |       |     1 ||     2
       Bread ration      |       |       |     2 |       ||     2
       Meat ration       |       |       |     2 |     2 ||     4
       Fruit             |       |       |     1 |     1 ||     2

Action                   |  1- 3 |  4- 6 |  7- 9 | 10-12 || total
-------------------------+-------+-------+-------+-------++-------
Melee: Dagger            |    48 |    37 |    56 |       ||   141
       Short sword       |     6 |       |    77 |       ||    83
       Spear             |       |    11 |       |       ||    11
       Trident           |       |       |   360 |   250 ||   610
 Fire: Blowgun           |       |       |    17 |     2 ||    19
 Cast: Freeze            |    26 |    31 |    14 |       ||    71
       Ozocubu's Armour  |     1 |     6 |    38 |    28 ||    73
       Summon Ice Beast  |       |     2 |    43 |    47 ||    92
Evoke: Wand              |       |       |     3 |     2 ||     5
  Use: Scroll            |     3 |     3 |     6 |    14 ||    26
       Potion            |       |     1 |       |       ||     1
 Stab: Sleeping          |     9 |     2 |    20 |     7 ||    38
       Distracted        |     1 |     1 |     4 |     2 ||     8
  Eat: Chunk             |     5 |     4 |    13 |    20 ||    42
       Beef jerky        |       |     1 |     3 |       ||     4
       Pizza             |       |     1 |       |     1 ||     2
       Bread ration      |       |       |     2 |       ||     2
       Meat ration       |       |       |     2 |     2 ||     4
       Fruit             |       |       |     1 |     1 ||     2
